 Dungeon Crawl Stone Soup version 0.30-b1-2-g02819fbbbe (webtiles) character file.

Game seed: 17752404331356058088

505 Dirian the Slasher (level 6, -3/56 HPs)
             Began as a Minotaur Fighter on May 8, 2023.
             Was an Initiate of the Shining One.
             Slain by a kobold brigand
             ... wielding a +0 short sword
              (6 damage)
             ... in a sewer.
             The game lasted 00:05:37 (2402 turns).

Dirian the Slasher (Minotaur Fighter)               Turns: 2402, Time: 00:05:37

Health: -3/56      AC:  7    Str: 20    XL:     6   Next: 96%
Magic:  5/5        EV:  9    Int:  5    God:    the Shining One [......]
Gold:   81         SH:  5    Dex: 12    Spells: 5/5 levels left

rFire   . . .        a - +1 long sword
rCold   . . .        c - +0 buckler
rNeg    . . .        b - +0 scale mail
rPois   .            (helmet restricted)
rElec   .            (no cloak)
rCorr   .            (no gloves)
SInv    .            (no boots)
Will    .....        (no amulet) Stlth
                     (no ring)
HPRegen 0.29/turn    (no ring)
MPRegen 0.09/turn

%: no passive effects
@: mighty, slowed, glowing, very slow
A: horns 2, retaliatory headbutt
a: Renounce Religion


You were in a sewer.
You worshipped the Shining One.
The Shining One was noncommittal.
You visited 2 branches of the dungeon, and saw 5 of its levels.
You also visited: Sewer.

You collected 81 gold pieces.

Inventory:

Hand Weapons
 a - a +1 long sword (weapon)
 u - a +0 flail
Armour
 b - a +0 scale mail (worn)
 c - a +0 buckler (worn)
Wands
 p - a wand of flame (16)
Scrolls
 s - 2 scrolls of summoning
Potions
 g - 2 potions of lignification
 j - a potion of invisibility
 k - 2 potions of ambrosia {unknown}
 m - a potion of brilliance {unknown}
 n - a potion of degeneration {unknown}
 o - a potion of attraction {unknown}
 w - a potion of heal wounds


   Skills:
 + Level 5.1 Fighting
 + Level 6.8 Long Blades
 - Level 5.0 Armour
 - Level 5.0 Shields


You had 5 spell levels left.
You didn't know any spells.
Your spell library contained the following spells:

 Spells                   Type           Power      Damage    Failure   Level
 Hailstorm                Conj/Ice       0%         3d3       99%         3
 Ice Form                 Ice/Tmut       0%         N/A       100%        4
 Olgreb's Toxic Radiance  Pois           0%         N/A       100%        4
 Simulacrum               Ice/Necr       0%         N/A       100%        6
 Discord                  Hex            0%         N/A       100%        8
 Ignition                 Fire           0%         3d3       100%        8


Dungeon Overview and Level Annotations

Branches:
Dungeon (4/15) Zot: 21708  Temple (1/1) D:4 Zot: 5923   Sewer (1/1) Zot: 5892

Altars:
Cheibriados
Fedhas
Gozag
Kikubaaqudgha
Okawaru
Qazlal
Ru
Uskayaw
Vehumet
Wu Jian
Xom
Yredelemnul
The Shining One

Shops:
D:2 [


Innate Abilities, Weirdness & Mutations

You have a pair of horns on your head.
You reflexively headbutt those who attack you in melee.


Message History

The kobold brigand is severely wounded.
The kobold hits you with a +0 short sword.
* * * LOW HITPOINT WARNING * * *
The kobold brigand hits you with a +0 club.
* * * LOW HITPOINT WARNING * * *
The kobold brigand barely misses you.
The kobold brigand splashes around in the water.
The kobold completely misses you.
You closely miss the kobold brigand.
The kobold brigand is severely wounded.
The kobold brigand completely misses you.
The kobold hits you but does no damage. You block the kobold brigand's attack.
The kobold brigand hits you but does no damage.
You slash the kobold brigand!
You kill the kobold brigand!
You hear a splash. x2
The kobold brigand hits you but does no damage. x2
The kobold closely misses you. The kobold hits you but does no damage.
Training target 5.0 for Shields reached!
Your Shields skill increases to level 5!
You slash the kobold brigand!
The kobold brigand is severely wounded.
The kobold hits you with a +0 short sword.
* * * LOW HITPOINT WARNING * * *
The kobold brigand hits you with a +0 short sword.
* * * LOW HITPOINT WARNING * * *
The kobold completely misses you. The kobold hits you but does no damage.
The kobold brigand hits you but does no damage.
You closely miss the kobold brigand.
The kobold brigand is severely wounded.
The kobold hits you but does no damage.
The kobold brigand hits you with a +0 short sword.
* * * LOW HITPOINT WARNING * * *
The kobold hits you with a +0 short sword.
* * * LOW HITPOINT WARNING * * *
The kobold barely misses you. You furiously retaliate!
You headbutt the kobold!
You kill the kobold!
You hear a splash. x2
The kobold brigand hits you with a +0 short sword.
You die...

~~~~~~~~~~~~~~~~~~~≈~~~#
################.~~≈~.~#
#.~~≈~~.# #~~~≈~~.#
#.~≈≈≈~.# #~~≈≈≈~~#
#~)≈≈≈~~# #KK~~~..#
#@).~...# ####.#### ...
....# ..## ##


You could see a kobold brigand and a kobold.

Vanquished Creatures
  A black bear (D:4)
  A kobold brigand (Sewer)
  A gnoll sergeant (D:4)
  2 orc priests
  Natasha (thrice) (D:2)
  3 gnolls (D:4)
  5 adders
  An ufetubus (D:4)
  2 dart slugs
  5 orcs (D:3)
  4 ball pythons
  4 bats
  5 endoplasms
  3 giant cockroaches
  10 goblins
  4 hobgoblins
  4 jackals
  11 kobolds
  A quokka (D:2)
  2 frilled lizards
  9 rats
81 creatures vanquished.

Notes
Turn   | Place    | Note
-------+----------+-------------------------------------------
     0 | D:1      | Dirian the Minotaur Fighter began the quest for the Orb.
     0 | D:1      | Reached XP level 1. HP: 19/19 MP: 0/0
    66 | D:1      | Reached XP level 2. HP: 27/27 MP: 1/1
   412 | D:2      | Reached skill level 3 in Long Blades
   412 | D:2      | Reached XP level 3. HP: 20/33 MP: 2/2
   756 | D:2      | Noticed Natasha
   762 | D:2      | Killed Natasha
   819 | D:2      | Reached XP level 4. HP: 40/40 MP: 3/3
   826 | D:2      | Found Oqopt's Armour Emporium.
   978 | D:2      | Noticed Natasha
   984 | D:2      | Killed Natasha
   985 | D:2      | Reached skill level 4 in Long Blades
  1099 | D:2      | Noticed Natasha
  1109 | D:2      | Killed Natasha
  1341 | D:3      | Reached XP level 5. HP: 45/47 MP: 4/4
  1588 | D:3      | Found a snail-covered altar of Cheibriados.
  1626 | D:3      | Reached skill level 5 in Armour
  1975 | D:3      | Found a stormy altar of Qazlal.
  1976 | D:3      | Found a hide-covered altar of Uskayaw.
  1979 | D:3      | Found a blossoming altar of Fedhas.
  2098 | D:4      | Noticed a black bear
  2107 | D:4      | Killed a black bear
  2108 | D:4      | Reached skill level 5 in Long Blades
  2108 | D:4      | Reached XP level 6. HP: 45/53 MP: 5/5
  2163 | D:4      | Found a staircase to the Ecumenical Temple.
  2175 | Temple   | Entered the Ecumenical Temple
  2224 | Temple   | Became a worshipper of the Shining One
  2264 | D:4      | Reached skill level 6 in Long Blades
  2299 | D:4      | Found a glowing drain.
  2315 | D:4      | Reached skill level 5 in Fighting
  2323 | Sewer    | Entered a sewer
  2401 | Sewer    | Reached skill level 5 in Shields
  2402 | Sewer    | Slain by a kobold brigand

Illustrated notes

Levels and vault maps discovered:
D:1:      psy_arrival_dodecagon, layout_rooms
D:2:      layout_basic, serial_shops, shop, uniq_natasha
D:3:      layout_loops_cross, lemuel_crystal_altar, minitemple
D:4:      layout_loops_ring, minmay_temple_entry_proselytizer,
          gup_sewer_entry_glass, minmay_pentangle
Temple:   compressed_dpeg_circular_temple
Sewer:    sewer_kobolds

Skill      XL: |  1  2  3  4  5  6 |
---------------+-------------------+-----
Armour         | 4 5 |  5.0
Fighting       | 4 5 |  5.1
Long Blades    | 3 4 5 6 |  6.8
Shields        | 4 5 |  5.0

Action                     |  1- 3 |  4- 6 || total
---------------------------+-------+-------++-------
  Melee: Long sword        |    87 |   115 ||   202
         Headbutt          |     9 |    11 ||    20
    Use: Scroll            |       |     9 ||     9
         Potion            |       |     3 ||     3
 Armour: Scale mail        |    38 |    58 ||    96
  Dodge: Dodged            |    38 |    72 ||   110
  Block: Buckler           |    17 |    40 ||    57
